 Dungeon Crawl Stone Soup version 0.17-a0-1393-gcb420ff (webtiles) character file.

31 bal the Insei (level 3, -2/19 HPs)
             Began as a Vine Stalker Monk on June 16, 2015.
             Slain by an adder (3 damage)
             ... on level 2 of the Dungeon.
             The game lasted 00:03:31 (762 turns).

bal the Insei (Vine Stalker Monk)                    Turns: 762, Time: 00:03:32

Health: -2/19      AC:  2    Str: 15    XL:     3   Next: 22%
Magic:  0/4        EV: 13    Int:  8    God:
Gold:   0          SH:  0    Dex: 17    Spells: 0 memorised, 2 levels left

rFire  . . .     SeeInvis .       - Unarmed
rCold  . . .     Clarity  .     a - +0 robe
rNeg   . . .     SustAt   .     (no shield)
rPois  .         Gourm    .     (no helmet)
rElec  .         Spirit   +     (no cloak)
rCorr  .         Warding  .     (no gloves)
rMut   .         Stasis   .     (no boots)
MR     .....                    (no amulet)
Stlth  ++........               (no ring)
                                (no ring)

@: lethally poisoned (-2 -> -2), not resistant to hostile enchantments,
unstealthy
A: fangs 2, dopey 1, regeneration 1, strong 1, wild magic 1, magic shield,
antimagic bite, no device heal 3, rot immunity
a: no special abilities


You were on level 2 of the Dungeon.
You were not hungry.

You visited 1 branch of the dungeon, and saw 2 of its levels.

Inventory:

Missiles
 h - 2 throwing nets (quivered)
 k - 14 steel bolts
Armour
 a - a +0 robe (worn)
Scrolls
 d - 3 scrolls of remove curse {unknown}
 g - a scroll of fog {unknown}
 i - a scroll of random uselessness {unknown}
 j - a scroll of immolation {unknown}
Potions
 e - 2 potions of might
Comestibles
 b - a bread ration
 c - a slice of pizza


   Skills:
 + Level 2.8 Fighting
 + Level 2.7 Dodging
 + Level 2.6 Stealth
 + Level 4.5 Unarmed Combat


You had 2 spell levels left.
You didn't know any spells.

Dungeon Overview and Level Annotations

Branches:
Dungeon (2/15)

Altars:


Innate Abilities, Weirdness & Mutations

You have extremely sharp teeth.
Your natural rate of healing is unusually fast.
When hurt, damage is shared between your health and your magic reserves.
Your bite disrupts and absorbs the magic of your enemies.
Potions and wands cannot restore your health.
You are immune to rotting.
You are dopey. (Int -2)
Your muscles are strong. (Str +2)
Your spells are a little harder to cast, but a little more powerful.


Message History

You are poisoned.
The adder poisons you!
You miss the adder. Your bite misses the adder.
The adder is lightly wounded.
You feel sick. The adder closely misses you.
You closely miss the adder. You bite the adder, but do no damage.
The adder is lightly wounded.
The adder barely misses you.
You miss the adder. Your bite misses the adder.
The adder is lightly wounded.
The adder bites you.
* * * LOW HITPOINT WARNING * * *
You barely miss the adder. Your bite misses the adder.
The adder is lightly wounded.
The adder completely misses you.
You miss the adder. Your bite misses the adder.
The adder is lightly wounded.
* * * LOW HITPOINT WARNING * * *
You feel sick. The adder bites you.
You die...

...... ......
#####......
..........
#####.........
#..<#.........
###.#.........
#.....@S......
#.#.#.........
#.#.#...#.####
# #.##### #
#.. [.. ###


You could see an adder.

Vanquished Creatures
  An adder (D:2)
  2 giant geckos (D:1)
  A giant cockroach (D:1)
  3 hobgoblins (D:1)
  3 giant newts (D:1)
  4 goblins (D:1)
  3 kobolds (D:1)
  3 rats (D:1)
20 creatures vanquished.

Notes
Turn   | Place    | Note
--------------------------------------------------------------
     0 | D:1      | bal the Vine Stalker Monk began the quest for the Orb.
     0 | D:1      | Reached XP level 1. HP: 11/11 MP: 2/2
   179 | D:1      | Reached XP level 2. HP: 10/16 MP: 3/3
   749 | D:2      | Reached XP level 3. HP: 8/19 MP: 1/4
   751 | D:2      | Gained mutation: You are dopey. (Int -2) [potion of mutation]
   751 | D:2      | Gained mutation: Your muscles are strong. (Str +2) [potion of mutation]
   751 | D:2      | Gained mutation: Your spells are a little harder to cast, but a little more powerful. [potion of mutation]
   762 | D:2      | Slain by an adder

Vault maps used:
D:1:      minmay_arrival_nine_rooms, hangedman_decor_clover_reticule,
          kennysheep_crisscross
D:2:      uniq_sigmund

Action                   || total
-------------------------++-------
Melee: Unarmed           ||    76
  Use: Potion            ||     3
 Stab: Sleeping          ||     3
